 Dungeon Crawl Stone Soup version 0.31.0-11-ge490571c62 (webtiles) character file.

Game seed: 8834145166240632155

1324 Arcadio the Nimble (level 8, -2/65 (67) HPs)
             Began as a Merfolk Monk on Jan 28, 2024.
             Was a Believer of Dithmenos.
             Slain by Pikel
             ... wielding a +2 whip of freezing
              (3 damage)
             ... on level 5 of the Dungeon.
             The game lasted 00:15:07 (7510 turns).

Arcadio the Nimble (Merfolk Monk)                   Turns: 7510, Time: 00:15:07

HP:   -2/65 (67)    AC: 10    Str: 14    XL:     8   Next: 60%
MP:   8/8           EV:  9    Int:  9    God:    Dithmenos [**....]
Gold: 312           SH:  0    Dex: 16    Spells: 7/7 levels left

rFire   . . .        i - +0 hand axe (heavy)
rCold   . . .        (no shield)
rNeg    . . .        s - +0 chain mail
rPois   .            (no helmet)
rElec   .            c - +0 cloak
rCorr   .            A - +0 pair of gloves
SInv    .            (no boots)
Will    .....        k - amulet of regeneration Stlth
                     (no ring)
HPRegen 1.10/turn    (no ring)
MPRegen 0.11/turn

%: no passive effects
@: wreathed by umbra, lightly drained
A: (nimble swimmer 2), mertail
a: Renounce Religion, Shadow Step


You were on level 5 of the Dungeon.
You worshipped Dithmenos.
Dithmenos was pleased with you.
You visited 2 branches of the dungeon, and saw 9 of its levels.
You also visited: Sewer.

You collected 312 gold pieces.

Inventory:

Hand Weapons
 a - a +0 spear
 i - a +0 heavy hand axe (weapon)
Armour
 b - a +0 robe
 c - a +0 cloak (worn)
 d - an orb of light
 q - a +0 ring mail
 s - a +0 chain mail (worn)
 A - a +0 pair of gloves (worn)
Jewellery
 k - an amulet of regeneration (around neck)
Wands
 B - a wand of flame (17)
Scrolls
 e - a scroll of vulnerability {unknown}
 f - 3 scrolls of teleportation
 h - a scroll of amnesia {unknown}
 j - 2 scrolls of brand weapon {unknown}
 m - a scroll of revelation {unknown}
 t - a scroll of blinking
 y - 2 scrolls of noise {unknown}
 z - a scroll of enchant weapon {unknown}
Potions
 g - a potion of invisibility
 l - 2 potions of mutation
 n - a potion of degeneration {unknown}
 o - a potion of might {unknown}
 p - a potion of enlightenment {unknown}
 v - a potion of haste {unknown}
 w - a potion of resistance {unknown}
 x - a potion of berserk rage {unknown}


   Skills:
 + Level 7.3 Fighting
 + Level 8.6 Polearms
 + Level 8.6 Dodging


You had 7 spell levels left.
You didn't know any spells.
Your spell library contained the following spells:

 Spells                   Type           Power      Damage    Failure   Level
 Call Imp                 Summ           0%         N/A       100%        2
 Lesser Beckoning         Tloc           0%         N/A       100%        2
 Sublimation of Blood     Necr           0%         N/A       100%        2
 Gell's Gravitas          Tloc           0%         N/A       100%        3
 Hailstorm                Conj/Ice       0%         3d5       100%        3
 Summon Ice Beast         Ice/Summ       0%         N/A       100%        3
 Teleport Other           Tloc           0%         N/A       100%        3
 Sculpt Simulacrum        Ice/Alch       0%         N/A       100%        6
 Summon Hydra             Summ           0%         N/A       100%        7


Dungeon Overview and Level Annotations

Branches:
Dungeon (8/15)             Temple (1/1) D:4           Sewer (visited)
   Lair: D:8-11

Altars:
Ashenzari
Cheibriados
Dithmenos
Elyvilon
Fedhas
Gozag
Hepliaklqana
Makhleb
Nemelex Xobeh
Okawaru
Qazlal
Sif Muna
Trog
Uskayaw
Vehumet
Wu Jian
Xom
Yredelemnul
Zin
The Shining One

Annotations:
D:5 Pikel
D:7 Jeremiah


Innate Abilities, Weirdness & Mutations

((You are very nimble when in or above water. (Stealth+, EV+, Speed+++)))
Your lower body shifts to a powerful aquatic tail in water.


Message History

Pikel hits you with a +2 whip of freezing!
Pikel freezes you.
You hit Pikel.
Pikel is lightly wounded.
Pikel closely misses you.
Pikel hits you with a +2 whip of freezing.
Pikel freezes you.
You hit Pikel.
Pikel is moderately wounded.
Pikel barely misses you.
You hit Pikel but do no damage.
Pikel is moderately wounded.
Pikel hits you with a +2 whip of freezing.
Pikel freezes you.
Pikel hits you with a +2 whip of freezing.
Pikel freezes you.
You closely miss Pikel.
Pikel is moderately wounded.
Pikel barely misses you.
Pikel hits you with a +2 whip of freezing.
Pikel freezes you.
You slash Pikel!
Pikel is heavily wounded.
Pikel hits you with a +2 whip of freezing.
Pikel freezes you. Pikel hits you but does no damage.
You slash Pikel!
Pikel is severely wounded.
Pikel hits you with a +2 whip of freezing.
Pikel freezes you.
You slash Pikel!
Pikel is almost dead.
Pikel hits you with a +2 whip of freezing.
* * * LOW HITPOINT WARNING * * *
Pikel freezes you.
* * * LOW HITPOINT WARNING * * *
Pikel hits you with a +2 whip of freezing!
* * * LOW HITPOINT WARNING * * *
Pikel freezes you.
You die...
Pikel says, "See you in Hell!"

#...#.........<...............
#............................#
####.........................#
#.........................#
#######.........................#
................................#
.###...................#.....#..#
.# #..........)K...........>....#
.# ####.........@........#.#....#
.# #.......................... .#
#..................#.#....# .#
#.........................#
.######................#.....#..#
.......#........................#
######.#........................#
# #.#................<.......# #
#.#........................#


You could see Pikel.

Vanquished Creatures
  A sky beast (D:5)
  2 ogres
  3 lemures
  2 phantoms (D:6)
  2 bullfrogs (Sewer)
  A scorpion (D:4)
  3 killer bees (D:8)
  A howler monkey (D:6)
  2 bombardier beetles
  2 hounds
  A jelly (D:6)
  A sleepcap (D:5)
  Natasha (thrice) (D:3)
  A gnoll (D:8)
  18 adders
  A shadow imp (D:5)
  9 dart slugs
  8 orcs
  8 ball pythons
  6 bats
  7 endoplasms
  6 giant cockroaches
  9 goblins
  10 hobgoblins
  4 jackals
  7 quokkas
  9 frilled lizards
  11 kobolds
  5 rats
143 creatures vanquished.

Vanquished Creatures (others)
  A giant cockroach (Sewer)
1 creature vanquished.

Grand Total: 144 creatures vanquished

Notes
Turn   | Place    | Note
-------+----------+-------------------------------------------
     0 | D:1      | Arcadio the Merfolk Monk began the quest for the Orb.
     0 | D:1      | Reached XP level 1. HP: 18/18 MP: 1/1
   106 | D:1      | Reached XP level 2. HP: 14/24 MP: 2/2
   427 | D:1      | Reached XP level 3. HP: 27/30 MP: 3/3
  1238 | D:2      | Reached XP level 4. HP: 36/37 MP: 4/4
  1413 | D:2      | Reached skill level 5 in Dodging
  1467 | D:2      | Reached skill level 5 in Polearms
  1635 | D:2      | Found an iron altar of Okawaru.
  2014 | D:3      | Found a glowing drain.
  2047 | D:3      | Reached XP level 5. HP: 38/43 MP: 5/5
  2078 | Sewer    | Entered a sewer
  2381 | Sewer    | Reached skill level 5 in Fighting
  2381 | Sewer    | Reached XP level 6. HP: 12/51 MP: 6/6
  2964 | D:3      | Found a stormy altar of Qazlal.
  2964 | D:3      | Found a blossoming altar of Fedhas.
  2966 | D:3      | Found a hide-covered altar of Uskayaw.
  2978 | D:3      | Found a broken altar of Ashenzari.
  3085 | D:3      | Found a burning altar of Makhleb.
  3128 | D:3      | Found a faded altar of an unknown god.
  3141 | D:3      | Noticed Natasha
  3155 | D:3      | Killed Natasha
  3371 | D:3      | Noticed Natasha
  3384 | D:3      | Killed Natasha
  3500 | D:3      | Noticed Natasha
  3518 | D:3      | Killed Natasha
  3767 | D:4      | Found a staircase to the Ecumenical Temple.
  3776 | Temple   | Entered the Ecumenical Temple
  3844 | Temple   | Became a worshipper of Dithmenos the Shadowed
  3844 | Temple   | Reached * piety under Dithmenos
  3844 | Temple   | Reached ** piety under Dithmenos
  3881 | D:4      | Reached XP level 7. HP: 56/56 MP: 7/7
  4759 | D:5      | Entered Level 5 of the Dungeon
  5996 | D:6      | Reached XP level 8. HP: 65/65 MP: 8/8
  6236 | D:6      | Noticed Pikel
  6465 | D:6      | You fall into a shaft and drop 2 floors!
  6526 | D:8      | HP: 2/67 [killer bee (2)]
  6542 | D:8      | HP: 3/67 [poisoned by a killer bee]
  6625 | D:8      | Found an iron altar of Okawaru.
  6694 | D:7      | Noticed Jeremiah
  7510 | D:5      | HP: 1/65 [Pikel/+2 whip of freezing (10)]
  7510 | D:5      | Slain by Pikel

Illustrated notes

Levels and vault maps discovered:
D:1:      mainiacjoe_arrival_oval_in_oval, layout_basic, minmay_bisected
D:2:      layout_basic, basic_altar
D:3:      layout_rooms, nicolae_overflow_quartered_altars, bloody_makhleb,
          gup_sewer_entry_glass, hellmonk_ecumenical_altar_pennies_from_heaven,
          st_stairs_9, uniq_natasha
D:4:      layout_gridville, minmay_temple_entry_crystal_x
D:5:      layout_basic, columned_hall_lemuel, st_stairs_2, grunt_decor_arrowhead
D:6:      lemuel_slime, layout_loops_cross, uniq_pikel
D:7:      wad_lake_hut, layout_basic, ebering_ghost_reflecting_pool,
          uniq_jeremiah
D:8:      layout_basic, mainiacjoe_overflow_divided_tiny,
          mainiacjoe_overflow_surrounded_room
Temple:   minmay_temple_curvy_branch

Skill      XL: |  1  2  3  4  5  6  7  8 |
---------------+-------------------------+-----
Fighting       | 4 5 6 7 |  7.3
Dodging        | 5 6 7 8 |  8.6
Polearms       | 5 6 7 8 |  8.6

Action                     |  1- 3 |  4- 6 |  7- 9 || total
---------------------------+-------+-------+-------++-------
  Melee: Spear             |   107 |   336 |   486 ||   929
         Tailslap          |       |    13 |       ||    13
         Punch             |       |       |     7 ||     7
         Hand axe          |       |       |    54 ||    54
  Evoke: Wand              |       |       |     6 ||     6
    Use: Scroll            |       |       |     5 ||     5
         Potion            |       |       |     7 ||     7
 Armour: Robe              |    41 |    23 |       ||    64
         Ring mail         |       |    43 |       ||    43
         Chain mail        |       |   184 |   440 ||   624
  Dodge: Dodged            |    70 |   194 |   280 ||   544
